 Dungeon Crawl Stone Soup version 0.22-a0-278-g8f80174 (webtiles) character file.

2436 tidbits the Insei (level 9, 68/68 HPs)
             Began as a Gnoll Transmuter on Mar 16, 2018.
             Quit the game on level 9 of the Dungeon.
             The game lasted 00:20:53 (2517 turns).

tidbits the Insei (Gnoll Transmuter)                Turns: 2517, Time: 00:20:54

Health: 68/68      AC:  2    Str: 15    XL:     9   Next: 49%
Magic:  18/18      EV: 20    Int: 19    God:
Gold:   155        SH:  0    Dex: 16    Spells: 15/21 levels left

rFire    . . .     SeeInvis .   v - +6 short sword of Dithmenos's Hope {pierce, Str+3}
rCold    . . .     Gourm    .   (no shield)
rNeg     . . .     Faith    .   b - +0 robe
rPois    +         Spirit   .   (no helmet)
rElec    .         Reflect  .   (no cloak)
rCorr    .         Harm     .   (no gloves)
MR       .....                  (no boots)
Stlth    +++.......             (no amulet)
HPRegen  0.21/turn              P - ring of poison resistance
MPRegen  0.16/turn              V - +4 ring of evasion

@: no status effects
A: distributed training, fangs 1, wild magic 1, evolution 1, strong nose
a: no special abilities


You were on level 9 of the Dungeon.
You were hungry.

You visited 2 branches of the dungeon, and saw 11 of its levels.

You collected 288 gold pieces.
You spent 133 gold pieces at shops.

Inventory:

Hand Weapons
 a - a +3 short sword of electrocution
   (You took it off a kobold on level 1 of the Dungeon)
 f - a cursed -3 dagger
 v - the +6 short sword of Dithmenos's Hope (weapon) {pierce, Str+3}
   (You found it on level 4 of the Dungeon)

   It inflicts extra damage upon your enemies.
   It affects your strength (+3).
 w - a +0 hand crossbow
 C - a +2 flail of crushing
   (You took it off an orc priest on level 5 of the Dungeon)
 G - the +7 whip of Analysis {freeze, rElec rF+}
   (You found it on level 6 of the Dungeon)

   It has been specially enchanted to freeze those struck by it, causing extra
   injury to most foes and up to half again as much damage against particularly
   susceptible opponents.
   It can also slow down cold-blooded creatures.
   It protects you from fire.
   It insulates you from electricity.
 I - the +7 mace of Kismet {crush, rElec rPois rC+ rN+, unknown}
   (You found it on level 6 of the Dungeon)

   It inflicts extra damage upon your enemies.
   It protects you from cold.
   It insulates you from electricity.
   It protects you from poison.
   It protects you from negative energy.
Missiles
 d - 67 stones
 e - 3 poisoned tomahawks
 h - 37 arrows
 q - 7 tomahawks (quivered)
 M - 21 bolts
Armour
 b - a +0 robe (worn)
 o - a +0 pair of gloves
 J - a +0 cloak
Jewellery
 g - an uncursed ring of flight
   (You found it on level 4 of the Dungeon)
 j - a +2 ring of intelligence
   (You found it on level 2 of the Dungeon)
 k - an uncursed ring of protection from cold
   (You found it on level 2 of the Dungeon)
 y - an uncursed ring of loudness
   (You found it on level 5 of the Dungeon)
 B - an uncursed ring of protection from magic
   (You found it on level 5 of the Dungeon)
 P - a ring of poison resistance (left hand)
   (You found it on level 8 of the Dungeon)
 V - a +4 ring of evasion (right hand)
   (You found it on level 5 of the Dungeon)
Wands
 p - a wand of flame (25)
 D - a wand of enslavement (15)
 H - a wand of disintegration (12)
 K - a wand of digging (21)
Scrolls
 i - 2 scrolls of random uselessness
 l - 2 scrolls of fear
 n - 3 scrolls of teleportation
 r - 8 scrolls of remove curse
 t - 2 scrolls of amnesia
 u - a scroll of fog
 F - 2 scrolls of immolation
 L - a scroll of vulnerability
Potions
 m - 2 potions of mutation {!q}
 s - 2 potions of flight {unknown}
 x - 3 potions of curing
 z - a potion of degeneration {unknown}
 A - a potion of lignification
 E - a potion of agility {unknown}
Comestibles
 c - 10 rations


   Skills:
 + Level 5.0 Fighting
 + Level 4.2 Short Blades
 + Level 4.2 Long Blades
 + Level 4.2 Axes
 + Level 4.2 Maces & Flails
 + Level 4.2 Polearms
 + Level 4.2 Staves
 + Level 4.2 Slings
 + Level 4.2 Bows
 + Level 4.2 Crossbows
 + Level 4.2 Throwing
 + Level 4.2 Armour
 + Level 6.3 Dodging
 + Level 4.2 Stealth
 + Level 4.2 Shields
 + Level 7.9 Unarmed Combat
 + Level 6.6 Spellcasting
 + Level 3.4 Conjurations
 + Level 3.4 Hexes
 + Level 3.4 Charms
 + Level 3.4 Summonings
 + Level 3.4 Necromancy
 + Level 3.4 Translocations
 + Level 5.2 Transmutations
 + Level 3.4 Fire Magic
 + Level 3.4 Ice Magic
 + Level 3.4 Air Magic
 + Level 3.4 Earth Magic
 + Level 3.4 Poison Magic
 + Level 4.6 Invocations
 + Level 4.2 Evocations


You had 15 spell levels left.
You knew the following spells:

 Your Spells              Type           Power        Failure   Level  Hunger
e - Beastly Appendage     Tmut           ####..       2%          1    None
k - Sticks to Snakes      Tmut           ####....     3%          2    None
p - Spider Form           Tmut/Pois      ####......   9%          3    ##.....


Dungeon Overview and Level Annotations

Branches:
Dungeon (10/15)            Temple (1/1) D:5
   Lair: D:8-11         Orc: D:9-12

Altars:
Ashenzari
Fedhas
Gozag
Hepliaklqana
Kikubaaqudgha
Makhleb
Nemelex Xobeh
Okawaru
Qazlal
Ru
Trog
Uskayaw
Vehumet
Wu Jian
Xom
Yredelemnul
Zin
The Shining One

Shops:
D:4 ?

Annotations:
D:8 Joseph


Innate Abilities, Weirdness & Mutations

Your experience applies equally to all skills.
You have very sharp teeth.
Your uncanny sense of smell can sniff out nearby items.
Your spells are a little harder to cast, but a little more powerful.
You evolve.


Message History

The crimson imp blinks!
Your transformation has ended.
The +6 short sword of Dithmenos's Hope {pierce, Str+3} unmelds from your body.
Your +0 robe unmelds from your body.
Found a stone staircase leading down.
You hit the crimson imp.
The crimson imp is moderately wounded.
The crimson imp barely misses you.
A gargoyle comes into view. It is wielding a flail.
You hit the crimson imp.
The crimson imp is almost dead.
The crimson imp closely misses you.
The crimson imp blinks!
The crimson imp blinks!
Evoke which item? (* to show all) (? for menu, Esc to quit)
Okay, then.
Casting: Sticks to Snakes (safe; 3% risk of failure)
Confirm with . or Enter, or press ? or * to list all spells.
You create 2 snakes!
You now have 37 arrows.
Something misses your adder.
You swap places.
Your adder closely misses the crimson imp.
The crimson imp hits your adder but does no damage.
Your adder bites the crimson imp.
The crimson imp hits you.
You puncture the crimson imp!
You kill the crimson imp!
Evoke which item? (* to show all) (? for menu, Esc to quit)
Aiming: Disintegrate
Press: ? - help, Shift-Dir - straight line, f - gargoyle
Aim: a gargoyle, wielding a flail (chance to defeat MR: 66%)
The gargoyle is blasted.
You blow up the gargoyle!
Your Fighting skill increases to level 5!
You see here a scroll of immolation.
F - 2 scrolls of immolation (gained 1)
A big kobold comes into view. It is wielding a battleaxe.
Evoke which item? (* to show all) (? for menu, Esc to quit)
Aiming: Disintegrate
Press: ? - help, Shift-Dir - straight line, f - big kobold
Aim: a big kobold, wielding a battleaxe (chance to defeat MR: 80%)
The big kobold is blasted.
What are your orders? t - Bark!
Orders for allies: a - Attack new target. p - Attack previous target. r - Retreat! s - Stop attacking. g - Guard the area. f - Follow me.
Anything else - Cancel.
Gang up on whom?
Press: ? - help, Dir - move target cursor, f/p - big kobold
Aim: a big kobold, wielding a battleaxe (almost dead) Attack!
Your adder bites the big kobold.
The big kobold dies!
Your adder looks stronger.
You swap places.
You swap places.
You see here a battleaxe.
A kobold comes into view. It is wielding a dagger.
The kobold unwields an uncursed dagger.
The kobold wields a hand crossbow.
The kobold shoots a bolt.
The bolt completely misses you. The bolt hits your adder!
A kobold comes into view. It is wielding a dagger.
The kobold throws a stone.
The stone completely misses you.
Found two altars.
There is an open door here.
The kobold unwields an uncursed hand crossbow.
The kobold wields an uncursed dagger.
The kobold completely misses you.
You puncture the kobold!
You kill the kobold!
Your adder closely misses the kobold.
Things that are here:
an uncursed dagger; an uncursed hand crossbow; 21 bolts Your adder bites the kobold.
The kobold is poisoned.
Your adder poisons the kobold!
The kobold misses your adder.
Found a scroll of amnesia.
Your adder bites the kobold.
The kobold dies!
Found an escape hatch in the floor.
Your adder withers and dies!
You see here a scroll of amnesia.
t - 2 scrolls of amnesia (gained 1)
Your adder withers and dies!
You hear a distant slurping noise.
Things that are here:
an uncursed dagger; an uncursed hand crossbow; 21 bolts
w - an uncursed hand crossbow;
M - 21 bolts
There is an open door here.
You see here a bolt.
Found a scroll of remove curse.
There is a stone staircase leading down here.
You climb downwards.
A phantom comes into view.
Found 24 gold pieces.
There is a stone staircase leading up here.
You climb upwards.
There is a stone staircase leading down here.
Unknown command.
You see here a scroll of remove curse.
r - 8 scrolls of remove curse (gained 1)
There is an open door here.
Are you sure you want to abandon this character and quit the game? (Confirm with "yes".)

.. ###.#.#
#........#.. #.#
#...#.###........###
#.. #.....#........#
#..##
#.#.#.#.......##
#.... #...#.#.......#
##..###.###.#.......#
#...........#########
#.#.###.#####
#.#..##@###
#.##.#....#
#.##).....# ###
#.###.....# #.. #)#
#.#.### #.# ####.#
#)#.# ##.#
#....###.#.#
##.####..).'.(...#
...........####..#


There were no monsters in sight!

Vanquished Creatures
  A gargoyle (D:9)
  A hornet (D:6)
  2 hippogriffs
  The ghost of B1inky the Ducker, an amateur OpSk (D:5)
  2 ice beasts (D:5)
  A black bear (D:9)
  A phantom (D:5)
  An ogre (D:9)
  A water moccasin zombie (D:9)
  A scorpion (D:9)
  The ghost of p0werm0de the Caller, a weakling DsSu (D:3)
  A howler monkey (D:4)
  A jelly (D:6)
  2 crimson imps (D:9)
  A hound (D:5)
  Crazy Yiuf (D:6)
  3 orc priests
  5 orc wizards
  A gnoll shaman (D:6)
  2 iguanas
  3 worker ants
  A howler monkey zombie (D:9)
  4 gnolls (D:6)
  An adder (D:3)
  2 shadow imps
  4 worms
  2 leopard geckos
  10 orcs
  A ball python (D:1)
  2 giant cockroaches
  2 goblins (D:1)
  7 hobgoblins
  12 jackals
  5 kobolds
  3 bats
  A jackal skeleton (D:4)
  4 rats
94 creatures vanquished.

Vanquished Creatures (collateral kills)
  A phantom (D:5)
  An ogre (D:4)
  A big kobold (D:9)
  A hound zombie (D:6)
  2 orcs (D:4)
  2 jackals
  A kobold (D:9)
  A rat (D:2)
10 creatures vanquished.

Grand Total: 104 creatures vanquished

Notes
Turn   | Place    | Note
-------+----------+-------------------------------------------
     0 | D:1      | tidbits the Gnoll Transmuter began the quest for the Orb.
     0 | D:1      | Reached XP level 1. HP: 17/17 MP: 6/6
   123 | D:1      | Reached XP level 2. HP: 20/23 MP: 7/7
   127 | D:1      | Learned a level 2 spell: Sticks to Snakes
   275 | D:2      | Found a faded altar of an unknown god.
   290 | D:2      | Reached skill level 5 in Spellcasting
   290 | D:2      | Reached XP level 3. HP: 12/28 MP: 2/9
   295 | D:2      | Learned a level 3 spell: Spider Form
   302 | D:2      | Found a sacrificial altar of Ru.
   457 | D:2      | Found an ancient bone altar of Kikubaaqudgha.
   524 | D:1      | Reached skill level 1 in Invocations
   572 | D:3      | Reached skill level 1 in Short Blades
   572 | D:3      | Reached skill level 1 in Long Blades
   572 | D:3      | Reached skill level 1 in Axes
   572 | D:3      | Reached skill level 1 in Maces & Flails
   572 | D:3      | Reached skill level 1 in Polearms
   572 | D:3      | Reached skill level 1 in Staves
   572 | D:3      | Reached skill level 1 in Slings
   572 | D:3      | Reached skill level 1 in Bows
   572 | D:3      | Reached skill level 1 in Crossbows
   572 | D:3      | Reached skill level 1 in Throwing
   572 | D:3      | Reached skill level 1 in Armour
   572 | D:3      | Reached skill level 1 in Stealth
   572 | D:3      | Reached skill level 1 in Shields
   572 | D:3      | Reached skill level 1 in Evocations
   572 | D:3      | Reached XP level 4. HP: 17/34 MP: 4/11
   575 | D:3      | Reached skill level 1 in Conjurations
   575 | D:3      | Reached skill level 1 in Hexes
   575 | D:3      | Reached skill level 1 in Charms
   575 | D:3      | Reached skill level 1 in Summonings
   575 | D:3      | Reached skill level 1 in Necromancy
   575 | D:3      | Reached skill level 1 in Translocations
   575 | D:3      | Reached skill level 1 in Fire Magic
   575 | D:3      | Reached skill level 1 in Ice Magic
   575 | D:3      | Reached skill level 1 in Air Magic
   575 | D:3      | Reached skill level 1 in Earth Magic
   575 | D:3      | Reached skill level 1 in Poison Magic
   660 | D:3      | Noticed p0werm0de's ghost (weakling DsSu)
   669 | D:3      | Gained mutation: Your spells are a little harder to cast, but a little more powerful. [potion of mutation]
   669 | D:3      | Gained mutation: You evolve. [potion of mutation]
   678 | D:3      | Killed p0werm0de's ghost
   678 | D:3      | Reached XP level 5. HP: 40/40 MP: 12/12
   769 | D:4      | Reached skill level 3 in Fighting
   769 | D:4      | Reached skill level 4 in Transmutations
   773 | D:4      | Noticed an ogre
   778 | D:4      | Killed an ogre
   778 | D:4      | Reached XP level 6. HP: 16/47 MP: 5/13
   827 | D:4      | Found an iron altar of Okawaru.
   840 | D:4      | Reached skill level 2 in Invocations
   874 | D:4      | Found a shattered altar of Ashenzari.
   888 | D:5      | Entered Level 5 of the Dungeon
   893 | D:5      | Found a stormy altar of Qazlal.
   900 | D:5      | Noticed a phantom
   929 | D:4      | Found a hazy altar of Hepliaklqana.
  1008 | D:4      | Found Boxucef's Magic Scroll Shop.
  1011 | D:4      | Bought a scroll of teleportation for 42 gold pieces
  1011 | D:4      | Bought a scroll of amnesia for 49 gold pieces
  1011 | D:4      | Bought a scroll of remove curse for 42 gold pieces
  1057 | D:4      | Got a dazzling short sword
  1107 | D:4      | Identified the +6 short sword of Dithmenos's Hope {pierce, Str+3} (You found it on level 4 of the Dungeon)
  1113 | D:4      | Reached skill level 2 in Short Blades
  1113 | D:4      | Reached skill level 2 in Long Blades
  1113 | D:4      | Reached skill level 2 in Axes
  1113 | D:4      | Reached skill level 2 in Maces & Flails
  1113 | D:4      | Reached skill level 2 in Polearms
  1113 | D:4      | Reached skill level 2 in Staves
  1113 | D:4      | Reached skill level 2 in Slings
  1113 | D:4      | Reached skill level 2 in Bows
  1113 | D:4      | Reached skill level 2 in Crossbows
  1113 | D:4      | Reached skill level 2 in Throwing
  1113 | D:4      | Reached skill level 2 in Armour
  1113 | D:4      | Reached skill level 5 in Dodging
  1113 | D:4      | Reached skill level 2 in Stealth
  1113 | D:4      | Reached skill level 2 in Shields
  1113 | D:4      | Reached skill level 2 in Evocations
  1131 | D:5      | Noticed an ice beast
  1142 | D:5      | Killed an ice beast
  1156 | D:5      | Reached XP level 7. HP: 43/52 MP: 12/15
  1329 | D:5      | Noticed B1inky's ghost (amateur OpSk)
  1353 | D:5      | Killed B1inky's ghost
  1353 | D:5      | Reached skill level 7 in Unarmed Combat
  1353 | D:5      | Reached skill level 2 in Conjurations
  1353 | D:5      | Reached skill level 2 in Hexes
  1353 | D:5      | Reached skill level 2 in Charms
  1353 | D:5      | Reached skill level 2 in Summonings
  1353 | D:5      | Reached skill level 2 in Necromancy
  1353 | D:5      | Reached skill level 2 in Translocations
  1353 | D:5      | Reached skill level 2 in Fire Magic
  1353 | D:5      | Reached skill level 2 in Ice Magic
  1353 | D:5      | Reached skill level 2 in Air Magic
  1353 | D:5      | Reached skill level 2 in Earth Magic
  1353 | D:5      | Reached skill level 2 in Poison Magic
  1385 | D:5      | Found a staircase to the Ecumenical Temple.
  1396 | Temple   | Entered the Ecumenical Temple
  1499 | D:5      | Reached skill level 3 in Invocations
  1578 | D:5      | Reached XP level 8. HP: 45/60 MP: 10/16
  1633 | D:5      | Reached skill level 4 in Fighting
  1679 | D:6      | Found an ornate altar of the Wu Jian Council.
  1702 | D:6      | Noticed a hornet
  1710 | D:6      | Reached skill level 3 in Short Blades
  1710 | D:6      | Reached skill level 3 in Long Blades
  1710 | D:6      | Reached skill level 3 in Axes
  1710 | D:6      | Reached skill level 3 in Maces & Flails
  1710 | D:6      | Reached skill level 3 in Polearms
  1710 | D:6      | Reached skill level 3 in Staves
  1710 | D:6      | Reached skill level 3 in Slings
  1710 | D:6      | Reached skill level 3 in Bows
  1710 | D:6      | Reached skill level 3 in Crossbows
  1710 | D:6      | Reached skill level 3 in Throwing
  1710 | D:6      | Reached skill level 3 in Armour
  1710 | D:6      | Reached skill level 3 in Stealth
  1710 | D:6      | Reached skill level 3 in Shields
  1710 | D:6      | Reached skill level 3 in Evocations
  1715 | D:6      | Killed a hornet
  1715 | D:6      | Reached skill level 6 in Spellcasting
  1935 | D:6      | Got an encrusted whip
  1940 | D:6      | Identified the +7 whip of Analysis {freeze, rElec rF+} (You found it on level 6 of the Dungeon)
  1989 | D:6      | Got a transparent mace
  1993 | D:6      | Found a runed door.
  1997 | D:6      | Noticed Crazy Yiuf
  2003 | D:6      | Killed Crazy Yiuf
  2071 | D:7      | Noticed a hippogriff
  2084 | D:7      | Killed a hippogriff
  2094 | D:8      | Noticed a hippogriff
  2105 | D:8      | Killed a hippogriff
  2105 | D:8      | Reached skill level 6 in Dodging
  2105 | D:8      | Reached skill level 3 in Conjurations
  2105 | D:8      | Reached skill level 3 in Hexes
  2105 | D:8      | Reached skill level 3 in Charms
  2105 | D:8      | Reached skill level 3 in Summonings
  2105 | D:8      | Reached skill level 3 in Necromancy
  2105 | D:8      | Reached skill level 3 in Translocations
  2105 | D:8      | Reached skill level 3 in Fire Magic
  2105 | D:8      | Reached skill level 3 in Ice Magic
  2105 | D:8      | Reached skill level 3 in Air Magic
  2105 | D:8      | Reached skill level 3 in Earth Magic
  2105 | D:8      | Reached skill level 3 in Poison Magic
  2105 | D:8      | Reached skill level 4 in Invocations
  2105 | D:8      | Reached XP level 9. HP: 44/66 MP: 10/18
  2124 | D:8      | Noticed Joseph
  2154 | D:8      | Reached skill level 5 in Transmutations
  2411 | D:9      | Reached skill level 4 in Short Blades
  2411 | D:9      | Reached skill level 4 in Long Blades
  2411 | D:9      | Reached skill level 4 in Axes
  2411 | D:9      | Reached skill level 4 in Maces & Flails
  2411 | D:9      | Reached skill level 4 in Polearms
  2411 | D:9      | Reached skill level 4 in Staves
  2411 | D:9      | Reached skill level 4 in Slings
  2411 | D:9      | Reached skill level 4 in Bows
  2411 | D:9      | Reached skill level 4 in Crossbows
  2411 | D:9      | Reached skill level 4 in Throwing
  2411 | D:9      | Reached skill level 4 in Armour
  2411 | D:9      | Reached skill level 4 in Stealth
  2411 | D:9      | Reached skill level 4 in Shields
  2411 | D:9      | Reached skill level 4 in Evocations
  2426 | D:9      | Noticed a gargoyle
  2439 | D:9      | Killed a gargoyle
  2439 | D:9      | Reached skill level 5 in Fighting
  2452 | D:9      | Found a hide-covered altar of Uskayaw.
  2452 | D:9      | Found a glowing golden altar of the Shining One.
  2490 | D:10     | Entered Level 10 of the Dungeon
  2517 | D:9      | Quit the game

Vault maps used:
D:1:      minmay_arrival_nine_rooms
D:2:      marbit_many_paths, nicolae_ru_path_of_blood, lemuel_doored_altar,
          chequers_ecumenical_altar_simple, serial_glass, glass_columns_b,
          glass_columns_a, glass_columns_b, glass_columns_a, glass_columns_b,
          glass_columns_a, hex_large, nrook_mini_vaults, palyth_stone_intersect,
          uniq_terence
D:3:      kb_forest_paths, gammafunk_temple_overflow_pools
D:4:      overflow_temple_1_default, lemuel_crystal_altar,
          overflow_temple_1_default, serial_shops, nicolae_shop_behind_doors
D:5:      kennysheep_mini_moat, temple_fountains, first_ration
D:6:      overflow_temple_1_default, uniq_crazy_yiuf_cottage
D:7:      led_sif_book, serial_shops, shop
D:8:      minmay_lair_entry_lava, uniq_gastronok, uniq_pikel, uniq_joseph
D:9:      grunt_temple_overflow_open
D:10:     cheibrodos_orc_bank, hangedman_little_slice_of_home
Temple:   nicolae_temple_figure_zero

Skill      XL: |  1  2  3  4  5  6  7  8  9 |
---------------+----------------------------+-----
Spellcasting   | 5 6 |  6.6
Invocations    | 1 2 3 4 |  4.6
Short Blades   | 1 2 3 4 |  4.2
Long Blades    | 1 2 3 4 |  4.2
Axes           | 1 2 3 4 |  4.2
Maces & Flails | 1 2 3 4 |  4.2
Polearms       | 1 2 3 4 |  4.2
Staves         | 1 2 3 4 |  4.2
Slings         | 1 2 3 4 |  4.2
Bows           | 1 2 3 4 |  4.2
Crossbows      | 1 2 3 4 |  4.2
Throwing       | 1 2 3 4 |  4.2
Armour         | 1 2 3 4 |  4.2
Stealth        | 1 2 3 4 |  4.2
Shields        | 1 2 3 4 |  4.2
Evocations     | 1 2 3 4 |  4.2
Conjurations   | 1 2 3 |  3.4
Hexes          | 1 2 3 |  3.4
Charms         | 1 2 3 |  3.4
Summonings     | 1 2 3 |  3.4
Necromancy     | 1 2 3 |  3.4
Translocations | 1 2 3 |  3.4
Fire Magic     | 1 2 3 |  3.4
Ice Magic      | 1 2 3 |  3.4
Air Magic      | 1 2 3 |  3.4
Earth Magic    | 1 2 3 |  3.4
Poison Magic   | 1 2 3 |  3.4
Fighting       | 3 4 5 |  5.0
Transmutations | 4 5 |  5.2
Dodging        | 5 6 |  6.3
Unarmed Combat | 7 |  7.9

Action                   |  1- 3 |  4- 6 |  7- 9 || total
-------------------------+-------+-------+-------++-------
Melee: Unarmed           |    39 |    43 |   136 ||   218
       Bite              |     5 |       |     1 ||     6
       Kick              |     7 |       |       ||     7
       Short sword       |    23 |     5 |     9 ||    37
       Headbutt          |     3 |       |       ||     3
       Punch             |       |     1 |       ||     1
Throw: Tomahawk          |       |       |     4 ||     4
       Stone             |       |       |     1 ||     1
 Cast: Beastly Appendage |     8 |       |       ||     8
       Sticks to Snakes  |     8 |     5 |    17 ||    30
       Spider Form       |     5 |     8 |    15 ||    28
 Abil: End Transformatio |       |     1 |     1 ||     2
Evoke: Wand              |       |       |     3 ||     3
  Use: Potion            |       |     4 |     2 ||     6
       Scroll            |       |       |     9 ||     9
 Stab: Sleeping          |     1 |     3 |     3 ||     7
  Eat: Chunk             |       |     1 |     5 ||     6
Armor: Robe              |     5 |     1 |       ||     6
       Skin              |       |    22 |    18 ||    40
Dodge: Dodged            |    34 |    33 |   113 ||   180

Table legend:
 A = Spawn XP
 B = Non-spawn XP
 C = Spawn XP percentage of total XP
 D = Spawn monster count
 E = Non-spawn monster count
 F = Spawn count percentage of total count
 G = Total turns spent on level
                    A         B        C        D         E        F      G
               +---------+---------+-------+---------+---------+-------+---------
         Total |       0 |    3481 |   0.0 |       0 |     104 |   0.0 |  2517
               +---------+---------+-------+---------+---------+-------+---------
           D:1 |       0 |      28 |   0.0 |       0 |      16 |   0.0 |   298
           D:2 |       0 |      36 |   0.0 |       0 |      15 |   0.0 |   261
           D:3 |       0 |     156 |   0.0 |       0 |       9 |   0.0 |   199
           D:4 |       0 |     251 |   0.0 |       0 |      13 |   0.0 |   345
           D:5 |       0 |     904 |   0.0 |       0 |      14 |   0.0 |   498
           D:6 |       0 |     572 |   0.0 |       0 |      17 |   0.0 |   360
           D:7 |       0 |     232 |   0.0 |       0 |       3 |   0.0 |    69
           D:8 |       0 |     334 |   0.0 |       0 |       6 |   0.0 |   177
           D:9 |       0 |     968 |   0.0 |       0 |      11 |   0.0 |   246
               +---------+---------+-------+---------+---------+-------+---------

Table legend:
 A = Turns spent in this place as a percentage of turns spent in the entire game.
 B = Non-inter-level travel turns spent in this place as a percentage of non-inter-level travel turns spent in the entire game.
 C = Inter-level travel turns spent in this place as a percentage of turns spent in this place.
 D = Turns resting spent in this place as a percentage of non-inter-level travel turns spent in this place.
 E = Turns spent auto-exploring this place as a percentage of non-inter-level travel turns spent in this place.
 F = Non-inter-level travel turns spent in this place divided by the number of levels of this place that you've seen.
                   A       B       C       D       E      F
               +-------+-------+-------+-------+-------+----------------------
         Total | 100.0 | 100.0 |   2.6 |   0.0 |   0.0 | 222.8
       Dungeon |  97.5 |  97.5 |   2.7 |   0.0 |   0.0 | 238.9
        Temple |   2.5 |   2.5 |   0.0 |   0.0 |   0.0 |  62.0
               +-------+-------+-------+-------+-------+----------------------

Table legend:
 A = Kills in this place as a percentage of kills in entire the game.
 B = Kills by you in this place as a percentage of kills by you in the entire game.
 C = Kills by friends in this place as a percentage of kills by friends in the entire game.
 D = Other kills in this place as a percentage of other kills in the entire game.
 E = Experience gained in this place as a percentage of experience gained in the entire game.
 F = Experience gained in this place divided by the number of levels of this place that you have seen.
                   A       B       C       D       E      F
               +-------+-------+-------+-------+-------+----------------------
         Total | 100.0 | 100.0 | 100.0 |   N/A | 100.0 | 316.5
       Dungeon | 100.0 | 100.0 | 100.0 |   N/A | 100.0 | 348.1
               +-------+-------+-------+-------+-------+----------------------

Vault maps used:
D:1:      minmay_arrival_nine_rooms
D:2:      marbit_many_paths, nicolae_ru_path_of_blood, lemuel_doored_altar,
          chequers_ecumenical_altar_simple, serial_glass, glass_columns_b,
          glass_columns_a, glass_columns_b, glass_columns_a, glass_columns_b,
          glass_columns_a, hex_large, nrook_mini_vaults, palyth_stone_intersect,
          uniq_terence
D:3:      kb_forest_paths, gammafunk_temple_overflow_pools
D:4:      overflow_temple_1_default, lemuel_crystal_altar,
          overflow_temple_1_default, serial_shops, nicolae_shop_behind_doors
D:5:      kennysheep_mini_moat, temple_fountains, first_ration
D:6:      overflow_temple_1_default, uniq_crazy_yiuf_cottage
D:7:      led_sif_book, serial_shops, shop
D:8:      minmay_lair_entry_lava, uniq_gastronok, uniq_pikel, uniq_joseph
D:9:      grunt_temple_overflow_open
D:10:     cheibrodos_orc_bank, hangedman_little_slice_of_home
Temple:   nicolae_temple_figure_zero
